Map: Lightshade LE

Players

Reynor - Winner!

  • Race: Zerg Zerg
  • League: Master

Lambo

  • Race: Zerg Zerg
  • League: Grandmaster

Event: DreamHack SC2 Masters 2021 Summer

VOD

Have the link to the VOD?

Description

Time

  • Played on: June 6, 2021, 11:57 a.m.
  • Length: 8:11

All games in this series

Show
View Real Time Build Order
Export as new Build Order

Reynor Zerg - Winner!

Build Orders: Hatch First 

Get SALT Encoding   

  12  0:00  Drone  
  13  0:12  Overlord  
  13  0:16  Drone  
  14  0:30  Drone x2  
  16  0:47  Hatchery  
  15  0:50  Drone  
  15  0:54  Drone  
  18  0:57  Drone  
  18  1:08  Extractor  
  17  1:12  Spawning Pool  
  17  1:15  Drone  
  18  1:18  Drone  
  18  1:27  Drone  
  19  1:38  Drone  
  20  1:49  Drone  
  21  1:59  Queen  
  21  2:00  Queen  
  25  2:01  Overlord, Drone  
  26  2:11  Drone x2  
  28  2:21  Drone x2  
  30  2:23  Metabolic Boost  
  30  2:33  Hatchery, Drone  
  30  2:35  Drone  
  31  2:42  Overlord, Drone  
  32  2:53  Drone x2  
  34  3:04  Zergling x2, Drone  
  36  3:07  Overlord  
  36  3:08  Queen  
  36  3:09  Drone x4  
  36  3:11  Zergling x2  
  43  3:15  Evolution Chamber  
  43  3:19  Zergling x2  
  43  3:21  Overlord  
  43  3:28  Zergling x2  
  43  3:29  Zergling x2  
  43  3:30  Roach Warren  
  43  3:33  Evolution Chamber  
  43  3:39  Zergling x8  
  43  3:41  Zergling x2  
  48  3:45  Zergling x2  
  48  3:46  Zergling x4  
  48  3:47  Zerg Ground Armor Level 1  
  51  3:53  Overlord  
  51  3:57  Zergling x2  
  53  4:02  Zergling x2  
  53  4:07  Zergling x2  
  54  4:12  Zergling x2  
  54  4:15  Zergling x6  
  58  4:20  Zergling x2, Extractor  
  58  4:22  Drone  
  59  4:30  Overlord  
  59  4:33  Hatchery  
  59  4:34  Extractor, Drone  
  57  4:42  Drone  
  57  4:43  Drone x4  
  57  4:44  Drone x2  
  63  4:47  Overlord  
  63  4:56  Drone  
  62  5:03  Drone  
  62  5:04  Drone  
  59  5:12  Roach x3  
  70  5:14  Roach x3  
  70  5:18  Roach  
  69  5:24  Overlord  
  69  5:29  Roach  
  69  5:30  Lair  
  71  5:36  Roach  
  71  5:37  Drone x2  
  71  5:38  Drone  
  71  5:40  Zerg Missile Weapons Level 1  
  71  5:41  Roach x4  
  83  5:48  Overlord  
  83  5:49  Drone  
  84  5:52  Drone  
  84  5:57  Roach x2  
  89  6:04  Overlord  
  89  6:06  Drone x3  
  89  6:07  Roach  
  89  6:08  Extractor  
  89  6:09  Drone  
  89  6:10  Roach x3  
  99  6:15  Overlord  
  99  6:18  Roach  
  99  6:19  Roach x2  
  105  6:27  Glial Reconstitution  
  105  6:30  Roach x3  
  111  6:33  Overlord  
  111  6:38  Overseer  
  111  6:41  Roach x2  
  111  6:44  Drone x2  
  111  6:45  Overlord  
  111  6:46  Drone x2  
  111  6:47  Drone  
  120  6:49  Roach  
  122  6:54  Roach x2  
  122  6:56  Overlord  
  126  7:03  Roach x2  
  126  7:06  Roach x3  
  136  7:16  Roach x5  
  136  7:20  Overlord x2  
  146  7:28  Overlord  
  133  7:31  Roach x4  
  133  7:33  Roach  
  134  7:40  Roach x4  
  134  7:43  Roach  
  124  7:45  Roach  
  124  7:49  Roach  
  124  7:50  Roach x2  
  124  7:51  Roach  
  128  7:53  Overlord  
Show
View Real Time Build Order
Export as new Build Order

Lambo Zerg 

Build Orders: Hatch First 

Get SALT Encoding   

  12  0:00  Drone  
  13  0:12  Overlord  
  13  0:16  Drone  
  14  0:30  Drone x2  
  16  0:47  Hatchery  
  15  0:50  Drone  
  15  0:54  Drone  
  17  0:57  Drone  
  18  1:08  Extractor  
  17  1:12  Spawning Pool  
  17  1:16  Drone  
  17  1:18  Drone  
  18  1:27  Drone  
  19  1:38  Drone  
  20  1:49  Drone  
  21  1:59  Queen x2  
  21  2:00  Overlord, Drone  
  26  2:08  Metabolic Boost  
  26  2:11  Drone x2  
  28  2:21  Drone x2  
  30  2:33  Drone x2  
  32  2:37  Queen  
  32  2:44  Overlord  
  34  2:45  Overlord  
  34  2:52  Evolution Chamber  
  34  2:56  Zergling x4  
  35  3:05  Zergling x4  
  37  3:08  Zergling x12  
  43  3:18  Zergling x4  
  45  3:23  Zerg Ground Armor Level 1  
  45  3:33  Hatchery  
  44  3:34  Drone  
  44  3:35  Drone  
  44  3:38  Overlord  
  44  3:39  Drone x2  
  48  3:44  Drone  
  48  3:45  Drone x2  
  51  3:49  Drone  
  51  3:58  Drone x2  
  51  4:00  Roach Warren  
  52  4:03  Overlord  
  52  4:04  Drone  
  52  4:06  Drone  
  54  4:11  Extractor  
  54  4:12  Extractor, Drone  
  54  4:13  Drone x2  
  54  4:16  Drone  
  56  4:19  Drone  
  56  4:21  Drone  
  56  4:24  Lair  
  58  4:28  Drone  
  58  4:30  Zergling x4  
  61  4:35  Zergling x2  
  62  4:39  Zergling x2  
  62  4:44  Roach x3  
  67  4:49  Overlord  
  67  4:50  Roach, Evolution Chamber  
  67  4:51  Zergling x2, Roach  
  71  4:56  Zergling x2  
  71  4:57  Zergling x4  
  71  5:02  Zergling x2, Roach  
  66  5:09  Roach  
  66  5:11  Roach  
  66  5:12  Roach  
  66  5:13  Queen  
  71  5:22  Hatchery  
  71  5:24  Glial Reconstitution  
  71  5:26  Roach  
  72  5:31  Roach x2  
  76  5:37  Overlord  
  76  5:47  Overlord  
  76  5:55  Queen, Overlord  
  76  5:56  Roach x3  
  84  6:05  Roach x3  
  84  6:07  Roach  
  92  6:15  Overlord  
  92  6:16  Roach  
  94  6:22  Roach x3  
  94  6:25  Overlord  
  99  6:33  Overlord  
  99  6:35  Roach  
  99  6:37  Roach  
  103  6:40  Roach  
  103  6:41  Queen  
  107  6:47  Roach x2  
  107  6:53  Roach  
  113  6:55  Roach x3  
  113  6:57  Ravager  
  113  6:58  Ravager x2, Roach  
  124  7:02  Roach  
  124  7:07  Roach x2  
  130  7:10  Overlord  
  129  7:25  Roach  
  129  7:26  Ravager  
  129  7:27  Roach x2  
  125  7:31  Roach x2  
  125  7:33  Roach  
  125  7:37  Roach  
  109  7:41  Zergling x8, Roach  
  95  7:48  Roach  
  95  7:51  Roach x2  
Tags
 
Add a new tag
Caveats
  • Supply blocks, unpowered buildings, or Contaminate may cause inaccurate times.
  • Supply counts are checked every 10 seconds.